 Dungeon Crawl Stone Soup version 0.25-a0-353-ged6d54792d (webtiles) character file.

Game seed: 10932505496802104701, levelgen mode: deterministic

52 pk666 the Magician (level 3, -1/19 HPs)
             Began as a Deep Elf Wizard on Jan 1, 2020.
             Killed by divine providence
             ... invoked by an orc priest
              (9 damage)
             ... on level 2 of the Dungeon.
             The game lasted 00:02:21 (1725 turns).

pk666 the Magician (Deep Elf Wizard)                Turns: 1725, Time: 00:02:21

Health: -1/19      AC:  2    Str:  4    XL:     3   Next: 60%
Magic:  5/11       EV: 13    Int: 23    God:
Gold:   84         SH:  0    Dex: 13    Spells: 1/12 levels left

rFire    . . .     SeeInvis .   f - +0 dagger
rCold    . . .     Gourm    .   (no shield)
rNeg     . . .     Faith    .   a - +0 robe
rPois    .         Spirit   .   b - +0 hat
rElec    .         Reflect  .   (no cloak)
rCorr    .         Harm     .   (no gloves)
MR       .....                  (no boots)
Stlth    ++........             (no amulet)
HPRegen  0.06/turn              (no ring)
MPRegen  0.12/turn              (no ring)

@: no status effects
A: no striking features
a: no special abilities


You were on level 2 of the Dungeon.
You were not hungry.

You visited 1 branch of the dungeon, and saw 2 of its levels.

You collected 84 gold pieces.

Inventory:

Hand Weapons
 f - a +0 dagger (weapon)
Armour
 a - a +0 robe (worn)
 b - a +0 hat (worn)
Jewellery
 m - an uncursed ring of resist corrosion {unknown}
Scrolls
 c - a scroll of immolation {unknown}
 e - 2 scrolls of random uselessness {unknown}
 h - a scroll of teleportation {unknown}
 i - a scroll of identify {unknown}
 j - 2 scrolls of fear {unknown}
 l - a scroll of fog {unknown}
Potions
 g - a potion of curing {unknown}
 k - 2 potions of lignification {unknown}
Comestibles
 d - 4 rations


   Skills:
 - Level 3.1 Dodging
 - Level 2.4 Stealth
 + Level 5.1 Spellcasting
 + Level 2.2 Conjurations
 + Level 1.3 Summonings
 - Level 1.1 Translocations
 + Level 0.4 Fire Magic
 + Level 0.2 Air Magic
 + Level 0.5 Poison Magic


You had one spell level left.
You knew the following spells:

 Your Spells              Type           Power        Failure   Level  Hunger
a - Magic Dart            Conj           ###.         3%          1    None
b - Blink                 Tloc           N/A          9%          2    None
c - Conjure Flame         Conj/Fire      ##......     16%         3    ##.....
d - Mephitic Cloud        Conj/Pois/Air  ##......     19%         3    ##.....
e - Call Imp              Summ           ##......     9%          2    None

Your spell library contained the following spells:

 Spells                   Type           Power        Failure   Level  Hunger
 Slow                     Hex            #.......     14%         2    None


Dungeon Overview and Level Annotations

Branches:
Dungeon (2/15)

Altars:


Message History

The orc shouts!
The orc priest shouts!
Casting: Magic Dart (safe; 3% risk of failure)
Confirm with . or Enter, or press ? or * to list all spells.
Aiming: Magic Dart (safe; 3% risk of failure)
Press: ? - help, Shift-Dir - straight line, f/p - worm
Aim: a worm (moderately wounded)
The magic dart hits the orc priest.
The orc priest is lightly wounded.
The orc priest mumbles some strange prayers to Beogh against you.
Pain shoots through your body!
Casting: Magic Dart (safe; 3% risk of failure)
Confirm with . or Enter, or press ? or * to list all spells.
Aiming: Magic Dart (safe; 3% risk of failure)
Press: ? - help, Shift-Dir - straight line, f/p - worm
Aim: a worm (moderately wounded)
The magic dart hits the orc priest.
The orc priest is moderately wounded.
The orc priest mumbles some strange prayers to Beogh against you.
Beogh smites you!
You die...

..#.###.# #.# ..#.###.# #.#
#.......#######.#
.............##.#
#.###...####.##.# #####
........#.......# #...
#.##......##.######.####
#.###...####.# #....o..#
#..†....####.# #@##.##.#
#####.......>###o##.##.# ##
#...########.ow..##.# .#
#...#####...........# .#
#...#.....).....o...######
.###...#.###.#..............#
...........#.#......#.......#
.........#.....#.#..........#
.............#.#.#..#.......#


You could see an orc warrior, a worm, 2 orc priests and an orc.

Vanquished Creatures
  An adder (D:1)
  A dart slug (D:1)
  A leopard gecko (D:2)
  An orc (D:2)
  5 bats (D:1)
  A giant cockroach (D:2)
  9 goblins
  5 hobgoblins
  4 kobolds
  3 frilled lizards
  4 rats
35 creatures vanquished.

Notes
Turn   | Place    | Note
-------+----------+-------------------------------------------
     0 | D:1      | pk666 the Deep Elf Wizard began the quest for the Orb.
     0 | D:1      | Reached XP level 1. HP: 10/10 MP: 7/7
   229 | D:1      | Reached XP level 2. HP: 15/15 MP: 7/9
   906 | D:1      | Reached XP level 3. HP: 19/19 MP: 8/11
   910 | D:1      | Learned a level 2 spell: Blink
   914 | D:1      | Learned a level 3 spell: Conjure Flame
   918 | D:1      | Learned a level 3 spell: Mephitic Cloud
   921 | D:1      | Learned a level 2 spell: Call Imp
  1132 | D:2      | Reached skill level 5 in Spellcasting
  1143 | D:2      | Noticed an orc warrior
  1725 | D:2      | Killed from afar by an orc priest

Levels and vault maps discovered:
D:1:      minmay_arrival_checkered_box, layout_basic
D:2:      layout_loops_cross

Skill      XL: |  1  2  3 |
---------------+----------+-----
Dodging        | 3 |  3.1
Conjurations   | 2 |  2.2
Spellcasting   | 5 |  5.1
Stealth        | |  2.4
Summonings     | |  1.3
Translocations | |  1.1
Fire Magic     | |  0.4
Air Magic      | |  0.2
Poison Magic   | |  0.5

Action                   || total
-------------------------++-------
Melee: Dagger            ||    11
 Cast: Magic Dart        ||    93
       Conjure Flame     ||     1
  Eat: Chunk             ||     2
Armor: Robe              ||     6
Dodge: Dodged            ||    22

Table legend:
 A = Non-vault XP
 B = Vault XP
 C = Vault XP percentage of total XP
 D = Non-vault monster count
 E = Vault monster count
 F = Vault count percentage of total count
                 A         B        C        D         E       F
            +---------+---------+-------+---------+---------+-------
      Total |      75 |       0 |   0.0 |      35 |       0 |   0.0
            +---------+---------+-------+---------+---------+-------
        D:1 |      55 |       0 |   0.0 |      24 |       0 |   0.0
        D:2 |      20 |       0 |   0.0 |      11 |       0 |   0.0
            +---------+---------+-------+---------+---------+-------
